 Dungeon Crawl Stone Soup version 0.27-a0-1202-ge72e49191c (webtiles) character file.

Game seed: 9758563175049963776

113 ZappyNine the Magician (level 5, -4/39 HPs)
             Began as a Djinni Summoner on June 4, 2021.
             Slain by a crimson imp
             ... wielding a +2 dagger of chaos
              (5 damage)
             ... on level 3 of the Dungeon.
             The game lasted 00:07:07 (3928 turns).

ZappyNine the Magician (Djinni Summoner)            Turns: 3928, Time: 00:07:08

Health: -4/39      AC:  3    Str:  6 (7)  XL:     5   Next: 17%
Gold:   153        EV: 12    Int: 15 (17) God:
                   SH:  5    Dex: 14

rFire    + + .     SeeInvis .   c - +0 dagger (venom)
rCold    x . .     Faith    .   (no shield)
rNeg     . . .     Spirit   .   a - +0 robe
rPois    ∞         Reflect  +   (no helmet)
rElec    .         Harm     .   (no cloak)
rCorr    +         Rampage  .   b - +0 pair of gloves
Will     .....                  (boots unavailable)
Stlth    ++........             j - amulet of reflection
HPRegen  0.13/turn              k - ring of resist corrosion
MPRegen  0.00/turn              (no ring)

@: attractive, flying
A: sickness immunity, fire resistance 2, cold vulnerability 1, float, innate
caster, hp casting, extra vitality 1
a: no special abilities


You were on level 3 of the Dungeon.
You visited 1 branch of the dungeon, and saw 3 of its levels.

You collected 153 gold pieces.

Inventory:

Hand Weapons
 c - a +0 dagger of venom (weapon)
 e - a +0 mace
Armour
 a - a +0 robe (worn)
 b - a +0 pair of gloves (worn)
Magical Staves
 h - a staff of death
Jewellery
 j - an amulet of reflection (around neck)
 k - a ring of resist corrosion (left hand)
Wands
 d - a wand of digging (2)
 m - a wand of acid (11)
Scrolls
 f - a scroll of summoning
Potions
 l - a potion of brilliance


   Skills:
 + Level 2.7 Fighting
 - Level 2.1 Dodging
 - Level 1.7 Stealth
 + Level 4.1 Spellcasting


You couldn't memorise any spells.
You knew the following spells:

 Your Spells              Type           Power      Damage    Failure   Level
a - Summon Small Mammal   Summ           60%        N/A       3%          1
b - Call Imp              Summ           15%        N/A       4%          2
c - Call Canine Familiar  Summ           15%        N/A       10%         3
d - Summon Guardian Gole  Hex/Summ       15%        N/A       10%         3
e - Summon Lightning Spi  Summ/Air       15%        N/A       32%         4
f - Summon Ice Beast      Ice/Summ       15%        N/A       32%         4
g - Apportation           Tloc           30%        N/A       3%          1
h - Static Discharge      Conj/Air       15%        N/A       4%          2
Your spell library was empty.

Dungeon Overview and Level Annotations

Branches:
Dungeon (3/15)

Altars:
Xom


Innate Abilities, Weirdness & Mutations

You are immune to sickness and miasma.
You are immune to poison.
Your flesh is very heat resistant. (rF++)
You are vulnerable to cold. (rC-)
You float through the air rather than walking.
You learn spells naturally, not from books.
Your magical power is your life essence.
You have superior vitality. (+4 HP)


Message History

The crimson imp hits your guardian golem.
Your hound bites the crimson imp but does no damage.
The crimson imp blinks!
The crimson imp is pulled toward you!
Unknown command.
Your hound bites the crimson imp.
The crimson imp completely misses your guardian golem.
The crimson imp closely misses your hound.
Your hound misses the crimson imp.
The crimson imp hits your guardian golem.
Your hound misses the crimson imp.
The crimson imp blinks!
Your hound misses the crimson imp.
The crimson imp completely misses your guardian golem.
Your hound closely misses the crimson imp.
The crimson imp blinks!
The crimson imp is pulled toward you!
The crimson imp closely misses your hound.
The crimson imp hits your hound.
Your hound misses the crimson imp. The crimson imp hits your hound.
Your hound disappears in a puff of smoke!
Casting: Summon Guardian Golem (dangerous; 10% risk of failure)
Confirm with . or Enter, or press ? or * to list all spells.
* * * LOW HITPOINT WARNING * * *
The crimson imp blinks!
The crimson imp hits your guardian golem but does no damage.
The crimson imp is pulled toward you!
Unknown command.
You barely miss the crimson imp.
Your hound closely misses the crimson imp.
The crimson imp hits you but does no damage.
Unknown command.
Unknown command.
You barely miss the crimson imp.
Your hound closely misses the crimson imp.
Your hound barely misses the crimson imp.
The crimson imp shouts, "Decamp, thou puny ditch-delivered hedge-pig!"
The crimson imp hits you with a +2 dagger of chaos.
* * * LOW HITPOINT WARNING * * *
You hit the crimson imp but do no damage.
Your hound bites the crimson imp but does no damage.
The crimson imp hits you with a +2 dagger of chaos.
You die...

.# #.# .# #.# +#
##.## ..####.5.##
...##.....######
....#..........#
............##8###
......####'####5h#
.....##.^§§.5.#.@#
....#####._.######
...## #.....^.#
..## ####+#### '##
.# )#### ....#
..#.#


You could see a crimson imp (ally target), a friendly guardian golem (summoned)
and a friendly hound (summoned, sheltered).

Vanquished Creatures
  A crimson imp (D:3)
  A gnoll (D:3)
  An orc (D:3)
  A ball python (D:1)
  2 giant cockroaches
  4 goblins
  A hobgoblin (D:2)
  2 jackals
  A quokka (D:2)
  A bat (D:2)
  2 frilled lizards
  2 rats
19 creatures vanquished.

Vanquished Creatures (collateral kills)
  A gnoll (D:3)
  An adder (D:2)
  A dart slug (D:1)
  2 orcs (D:3)
  2 ball pythons
  An endoplasm (D:1)
  A giant cockroach (D:1)
  4 goblins
  3 hobgoblins (D:2)
  10 jackals
  A quokka (D:1)
  3 bats (D:1)
  A frilled lizard (D:2)
  A kobold (D:1)
  3 rats
35 creatures vanquished.

Vanquished Creatures (others)
  Robin (D:2)
  A gnoll (D:3)
  2 endoplasms
  3 goblins (D:2)
  A hobgoblin (D:2)
8 creatures vanquished.

Grand Total: 62 creatures vanquished

Notes
Turn   | Place    | Note
-------+----------+-------------------------------------------
     0 | D:1      | ZappyNine the Djinni Summoner began the quest for the Orb.
     0 | D:1      | Reached XP level 1. HP: 15/15 MP: 0/0
   384 | D:1      | Reached XP level 2. HP: 11/21 MP: 0/0
  1058 | D:1      | You are sucked into a shaft and drop 1 floor!
  1114 | D:2      | Reached skill level 1 in Fighting
  1282 | D:1      | Reached XP level 3. HP: 27/27 MP: 0/0
  1282 | D:1      | Learned a level 1 spell: Apportation
  1395 | D:1      | Found a faded altar of an unknown god.
  2156 | D:2      | Noticed Robin
  2182 | D:2      | HP: 1/27 [goblin/+0 dagger[Robin] (1)]
  2182 | D:2      | Killed Robin
  2183 | D:2      | Reached XP level 4. HP: 1/33 MP: 0/0
  3609 | D:3      | Reached skill level 4 in Spellcasting
  3840 | D:3      | Found a shimmering altar of Xom.
  3909 | D:3      | Reached XP level 5. HP: 8/39 MP: 0/0
  3909 | D:3      | Learned a level 2 spell: Static Discharge
  3927 | D:3      | HP: 1/39 [crimson imp/+2 dagger of chaos (3)]
  3928 | D:3      | Slain by a crimson imp

Illustrated notes

Levels and vault maps discovered:
D:1:      psy_arrival_dodecagon, layout_rooms,
          hellmonk_ecumenical_altar_lost_god
D:2:      layout_loops_ring, uniq_robin
D:3:      layout_loops_corners, led_xom_imps, pf_just_have_faith,
          kennysheep_generic_room_15, uniq_crazy_yiuf_cottage, uniq_jessica

Skill      XL: |  1  2  3  4 |
---------------+-------------+-----
Fighting       | 1 2 |  2.7
Spellcasting   | 4 |  4.1
Dodging        | |  2.1
Stealth        | |  1.7

Action                   |  1- 3 |  4- 6 || total
-------------------------+-------+-------++-------
Melee: Unarmed           |     6 |       ||     6
       Mace              |    47 |     1 ||    48
       Dagger            |       |    62 ||    62
 Cast: Summon Small Mamm |    23 |     1 ||    24
       Call Imp          |    12 |     2 ||    14
       Call Canine Famil |     8 |     7 ||    15
       Summon Guardian G |     1 |     5 ||     6
  Use: Potion            |     3 |     3 ||     6
       Scroll            |     1 |     1 ||     2
 Stab: Distracted        |       |     1 ||     1
Armor: Robe              |    37 |     7 ||    44
Dodge: Dodged            |    93 |    25 ||   118
Block: Other             |     2 |    19 ||    21

Table legend: (Time is in decaauts)
 A = Elapsed time spent in this place.
 B = Non-inter-level travel time spent in this place.
 C = Inter-level travel time spent in this place.
 D = Time resting spent in this place.
 E = Time spent auto-exploring this place.
 F = Levels seen in this place.
 G = Mean time per level.
                   A        B        C        D        E       F      G
               +--------+--------+--------+--------+--------+-----+--------+
         Total |   3946 |   3915 |     31 |   1880 |   1388 |   3 | 1315.3 |
       Dungeon |   3946 |   3915 |     31 |   1880 |   1388 |   3 | 1315.3 |
               +--------+--------+--------+--------+--------+-----+--------+

Top non-repeatable levels by time:
     D:1: 1780 daAuts
     D:2: 1541 daAuts
     D:3: 623 daAuts
